SAA
LANNISTER UNITED LIONHEARTS @ SAN BERNARDINO GRASSHOPPERS
06/17/2034
 
TOP OF THE 1ST
Lannister United Lionhearts batting - Pitching for San Bernardino Grasshoppers : RHP Edo Culley
Pitching: RHP Edo Culley
Batting: SHB Miklos Elias 0-0: Called Strike
0-1: Ball
1-1: Ball
2-1: Ball
3-1: Base on Balls
Batting: RHB Manny García 0-0: Ball
1-0: Ball
2-0: Fly out, F6 (Popup, 6)
Batting: SHB Gerrie Bond 0-0: Ball
1-0: SINGLE (Line Drive, 34)
Miklos Elias to second
Runner from 2nd tries for 3rd, SAFE, throw made to third
Batting: RHB Mitsuhide Bando 0-0: Swinging Strike
0-1: Ball
1-1: Ball
Gerrie Bond steals 2nd base
2-1: Swinging Strike
2-2: Strikes out swinging
Batting: LHB Michael Witt 0-0: Ball
1-0: Ball
2-0: Fly out, F8 (Flyball, 8RD)
Top of the 1st over - 0 runs, 1 hit, 0 errors, 2 left on base; Lannister United 0 - San Bernardino 0
BOTTOM OF THE 1ST
San Bernardino Grasshoppers batting - Pitching for Lannister United Lionhearts : RHP Kliment Spirk
Pitching: RHP Kliment Spirk
Batting: RHB John Clark 0-0: Bunt for hit - play at first, batter OUT! 1-3
Batting: LHB Joe Ellison 0-0: Called Strike
0-1: Ball
1-1: Ball
2-1: DOUBLE (Groundball, 3L)
Batting: RHB Reinaart Manshert 0-0: Ball
1-0: Swinging Strike
1-1: Ground out 6-3 (Groundball, 6MS)
Joe Ellison to third
Batting: RHB Jim MacRach 0-0: Ball
1-0: 2-RUN HOME RUN (Line Drive, 7D), Distance : 387 ft
Batting: RHB Apu Nahasapeemapetilon 0-0: Ball
1-0: Swinging Strike
1-1: Ball
2-1: Foul Ball, location: 2F
2-2: Foul Ball, location: 2F
2-2: Ball
3-2: Base on Balls
Batting: LHB Matt Ouweneel 0-0: Called Strike
0-1: Ball
1-1: Ground out 3-1 (Groundball, 3S)
Bottom of the 1st over - 2 runs, 2 hits, 0 errors, 1 left on base; Lannister United 0 - San Bernardino 2
TOP OF THE 2ND
Lannister United Lionhearts batting - Pitching for San Bernardino Grasshoppers : RHP Edo Culley
Batting: RHB Breanainn Swartwood 0-0: Ball
1-0: Fly out, F7 (Flyball, 7LD)
Batting: RHB Mareka Naidoo 0-0: Ball
1-0: TRIPLE (Groundball, 3L)
Batting: RHB Chong-yee Au-Yong 0-0: Called Strike
0-1: Ball
1-1: SINGLE (Groundball, 6MD)
Mareka Naidoo scores
Batting: RHB Gonzalo Vásquez 0-0: Foul Ball, location: 2F
0-1: Called Strike
0-2: Foul Ball, location: 2F
0-2: Ball
1-2: Strikes out swinging
Batting: SHB Miklos Elias 0-0: Called Strike
0-1: SINGLE (Groundball, 56D)
Chong-yee Au-Yong to second
Batting: RHB Manny García 0-0: Ball
1-0: Foul Ball, location: 2F
1-1: Ball
2-1: Fly out, F6 (Flyball, 6MD)
Top of the 2nd over - 1 run, 3 hits, 0 errors, 2 left on base; Lannister United 1 - San Bernardino 2
BOTTOM OF THE 2ND
San Bernardino Grasshoppers batting - Pitching for Lannister United Lionhearts : RHP Kliment Spirk
Batting: RHB Louie Trimboli 0-0: Called Strike
0-1: Ball
1-1: Ball
2-1: Foul Ball, location: 2F
2-2: Ball
3-2: Base on Balls
Batting: RHB Andy Alderliesten 0-0: Swinging Strike
0-1: Ball
1-1: Ball
2-1: Swinging Strike
2-2: Strikes out swinging
Batting: RHB Arthur Coonse 0-0: Foul Ball, location: 2F
0-1: Ball
1-1: Swinging Strike
1-2: Grounds into double play, 4-6-3 (Groundball, 4)
Bottom of the 2nd over - 0 runs, 0 hits, 0 errors, 0 left on base; Lannister United 1 - San Bernardino 2
TOP OF THE 3RD
Lannister United Lionhearts batting - Pitching for San Bernardino Grasshoppers : RHP Edo Culley
Batting: SHB Gerrie Bond 0-0: Ball
1-0: Ball
2-0: Foul Ball, location: 2F
2-1: TRIPLE (Flyball, 89XD)
Batting: RHB Mitsuhide Bando 0-0: Swinging Strike
0-1: Swinging Strike
0-2: Foul Ball, location: 2F
0-2: Strikes out swinging
Batting: LHB Michael Witt 0-0: Ball
1-0: Ball
2-0: Called Strike
2-1: SINGLE (Groundball, 6MD)
Gerrie Bond scores
Batting: RHB Breanainn Swartwood 0-0: Ball
1-0: Foul Ball, location: 2F
1-1: Ball
2-1: Ball
3-1: Called Strike
3-2: Foul Ball, location: 2F
3-2: Fly out, F7 (Flyball, 78M)
Batting: RHB Mareka Naidoo 0-0: Ball
1-0: Called Strike
Michael Witt steals 2nd base
1-1: Fly out, F7 (Line Drive, 7S)
Top of the 3rd over - 1 run, 2 hits, 0 errors, 1 left on base; Lannister United 2 - San Bernardino 2
BOTTOM OF THE 3RD
San Bernardino Grasshoppers batting - Pitching for Lannister United Lionhearts : RHP Kliment Spirk
Batting: RHB John Clark 0-0: Ball
1-0: Called Strike
1-1: Swinging Strike
1-2: Foul Ball, location: 2F
1-2: Ball
2-2: Ground out 5-3 (Groundball, 56)
Batting: LHB Joe Ellison 0-0: Ball
1-0: Called Strike
1-1: Foul Ball, location: 2F
1-2: Ball
2-2: SINGLE (Groundball, 56D)
Pitching: RHP Van Lapointe
Batting: RHB Reinaart Manshert 0-0: Called Strike
Joe Ellison steals 2nd base
Balk!
Joe Ellison to third
0-1: Foul Ball, location: 2F
0-2: Ball
1-2: Foul Ball, location: 2F
1-2: SINGLE (Line Drive, 56D)
Joe Ellison scores
Batting: RHB Jim MacRach 0-0: Called Strike
0-1: Ball
1-1: Called Strike
1-2: Reached on error, E3 (Groundball, 34S)
Reinaart Manshert to third
Batting: RHB Apu Nahasapeemapetilon 0-0: Called Strike
0-1: Ball
1-1: Ball
2-1: Ball
3-1: Base on Balls
Batting: LHB Matt Ouweneel 0-0: Called Strike
0-1: Called Strike
0-2: Fielders Choice at 2nd, 4-6 (Groundball, 4)
Reinaart Manshert scores
Jim MacRach to third
Batting: RHB Louie Trimboli 0-0: Ball
1-0: Ball
2-0: Ball
3-0: Called Strike
3-1: Base on Balls
Matt Ouweneel to second
Batting: RHB Andy Alderliesten 0-0: Ball
1-0: Called Strike
1-1: Called Strike
1-2: Ground out 5-3 (Groundball, 56)
Bottom of the 3rd over - 2 runs, 2 hits, 1 error, 3 left on base; Lannister United 2 - San Bernardino 4
TOP OF THE 4TH
Lannister United Lionhearts batting - Pitching for San Bernardino Grasshoppers : RHP Edo Culley
Batting: RHB Chong-yee Au-Yong 0-0: Ball
1-0: Called Strike
1-1: Called Strike
1-2: Ball
2-2: Ground out 6-3 (Groundball, 6)
Batting: RHB Gonzalo Vásquez 0-0: Ground out 4-3 (Groundball, 34D)
Batting: SHB Miklos Elias 0-0: Fly out, F8 (Line Drive, 8RD)
Top of the 4th over - 0 runs, 0 hits, 0 errors, 0 left on base; Lannister United 2 - San Bernardino 4
BOTTOM OF THE 4TH
San Bernardino Grasshoppers batting - Pitching for Lannister United Lionhearts : RHP Van Lapointe
Batting: RHB Arthur Coonse 0-0: Called Strike
0-1: Ground out 4-3 (Groundball, 4)
Batting: RHB John Clark 0-0: SINGLE (Groundball, 6D)
Batting: LHB Joe Ellison 0-0: Foul Ball, location: 2F
0-1: Foul Ball, location: 2F
0-2: Ball
1-2: Ball
2-2: Ball
3-2: Base on Balls
John Clark to second
Batting: RHB Reinaart Manshert 0-0: Foul Ball, location: 2F
0-1: Called Strike
0-2: Ball
1-2: Strikes out swinging
Batting: RHB Jim MacRach 0-0: Ball
1-0: Called Strike
1-1: Foul Ball, location: 2F
1-2: Foul Ball, location: 2F
1-2: Ball
2-2: DOUBLE (Groundball, 5L)
John Clark scores
Joe Ellison to third
Runner from 3rd tries for Home, SAFE, no throw
Batting: RHB Apu Nahasapeemapetilon 0-0: Ball
1-0: SINGLE (Line Drive, 56)
Jim MacRach to third
Runner from 3rd tries for Home, SAFE, no throw
Pitching: LHP Roberto Muñóz
Batting: LHB Matt Ouweneel 0-0: Swinging Strike
0-1: Ball
1-1: Ball
2-1: Foul Ball, location: 2F
2-2: Foul Ball, location: 2F
2-2: Ground out 5-3 (Groundball, 56S)
Bottom of the 4th over - 3 runs, 3 hits, 0 errors, 1 left on base; Lannister United 2 - San Bernardino 7
TOP OF THE 5TH
Lannister United Lionhearts batting - Pitching for San Bernardino Grasshoppers : RHP Edo Culley
Batting: RHB Manny García 0-0: Foul Ball, location: 2F
0-1: Ground out 6-3 (Groundball, 56)
Batting: SHB Gerrie Bond 0-0: Ground out 5-3 (Groundball, 56)
Batting: RHB Mitsuhide Bando 0-0: Ball
1-0: Ground out 6-3 (Groundball, 6D)
Top of the 5th over - 0 runs, 0 hits, 0 errors, 0 left on base; Lannister United 2 - San Bernardino 7
BOTTOM OF THE 5TH
San Bernardino Grasshoppers batting - Pitching for Lannister United Lionhearts : LHP Roberto Muñóz
Batting: RHB Louie Trimboli 0-0: Called Strike
0-1: Called Strike
0-2: Ball
1-2: Ball
2-2: Ball
3-2: Foul Ball, location: 2F
3-2: Ground out 5-3 (Groundball, 56)
Batting: RHB Andy Alderliesten 0-0: Fly out, F9 (Flyball, 89D)
Batting: RHB Arthur Coonse 0-0: Ball
1-0: Ball
2-0: Ball
3-0: Base on Balls
Batting: RHB John Clark 0-0: Foul Ball, location: 2F
0-1: Called Strike
0-2: Foul Ball, location: 2F
0-2: Foul Ball, location: 2F
0-2: Foul Ball, location: 2F
0-2: Ball
Passed Ball!
Arthur Coonse to second
1-2: Foul Ball, location: 2F
1-2: Ball
2-2: Ball
3-2: Intentional Walk
Batting: LHB Joe Ellison 0-0: Ball
1-0: Foul Ball, location: 2F
1-1: Swinging Strike
1-2: Ball
2-2: Foul Ball, location: 2F
2-2: Foul Ball, location: 2F
2-2: Foul Ball, location: 2F
2-2: Ball
3-2: Foul Ball, location: 2F
3-2: Ground out 6-3 (Groundball, 6)
Bottom of the 5th over - 0 runs, 0 hits, 0 errors, 2 left on base; Lannister United 2 - San Bernardino 7
TOP OF THE 6TH
Lannister United Lionhearts batting - Pitching for San Bernardino Grasshoppers : RHP Edo Culley
Batting: LHB Michael Witt 0-0: Called Strike
0-1: Ball
1-1: Called Strike
1-2: Ball
2-2: Strikes out looking
Batting: RHB Breanainn Swartwood 0-0: Called Strike
0-1: Ball
1-1: Ball
2-1: Ball
3-1: Base on Balls
Batting: RHB Mareka Naidoo 0-0: Called Strike
0-1: Called Strike
0-2: Ball
1-2: Foul Ball, location: 2F
1-2: Ground out 5-3 (Groundball, 56S)
Breanainn Swartwood to second
Batting: RHB Chong-yee Au-Yong 0-0: Ball
1-0: Foul Ball, location: 2F
1-1: Called Strike
1-2: Strikes out swinging
Top of the 6th over - 0 runs, 0 hits, 0 errors, 1 left on base; Lannister United 2 - San Bernardino 7
BOTTOM OF THE 6TH
San Bernardino Grasshoppers batting - Pitching for Lannister United Lionhearts : LHP Roberto Muñóz
Batting: RHB Reinaart Manshert 0-0: Fly out, F8 (Flyball, 8LD)
Batting: RHB Jim MacRach 0-0: Foul Ball, location: 2F
0-1: Fly out, F7 (Flyball, 78D)
Batting: RHB Apu Nahasapeemapetilon 0-0: Called Strike
0-1: Called Strike
0-2: Foul Ball, location: 2F
0-2: Ball
1-2: SINGLE (Line Drive, 89S)
Batting: LHB Matt Ouweneel 0-0: Called Strike
0-1: Foul Ball, location: 2F
0-2: Ball
1-2: Strikes out swinging
Bottom of the 6th over - 0 runs, 1 hit, 0 errors, 1 left on base; Lannister United 2 - San Bernardino 7
TOP OF THE 7TH
Lannister United Lionhearts batting - Pitching for San Bernardino Grasshoppers : RHP Edo Culley
Batting: RHB Gonzalo Vásquez 0-0: Called Strike
0-1: Ball
1-1: Ball
2-1: Called Strike
2-2: Foul Ball, location: 2F
2-2: Ball
3-2: Strikes out swinging, 2-3 out at first.
Batting: SHB Miklos Elias 0-0: Ball
1-0: Called Strike
1-1: Ball
2-1: Foul Ball, location: 2F
2-2: Strikes out swinging
Batting: RHB Manny García 0-0: Ground out 5-3 (Groundball, 5L)
Top of the 7th over - 0 runs, 0 hits, 0 errors, 0 left on base; Lannister United 2 - San Bernardino 7
BOTTOM OF THE 7TH
San Bernardino Grasshoppers batting - Pitching for Lannister United Lionhearts : LHP Roberto Muñóz
Batting: RHB Louie Trimboli 0-0: Ball
1-0: Swinging Strike
1-1: SINGLE (Groundball, 34D)
Batting: RHB Andy Alderliesten 0-0: Called Strike
0-1: Ball
1-1: Grounds into double play, 4-6-3 (Groundball, 4)
Batting: RHB Arthur Coonse 0-0: Called Strike
0-1: Ball
1-1: Ball
2-1: Called Strike
2-2: Ball
3-2: Strikes out swinging
Bottom of the 7th over - 0 runs, 1 hit, 0 errors, 0 left on base; Lannister United 2 - San Bernardino 7
TOP OF THE 8TH
Lannister United Lionhearts batting - Pitching for San Bernardino Grasshoppers : RHP Edo Culley
Pitching: RHP Alberto Gómez
Batting: SHB Gerrie Bond 0-0: Ground out U3 (Groundball, 3S)
Batting: RHB Mitsuhide Bando 0-0: Ball
1-0: Fly out, F8 (Line Drive, 8LD)
Batting: LHB Michael Witt 0-0: Ball
1-0: SINGLE (Line Drive, 9S)
Batting: RHB Breanainn Swartwood 0-0: Ball
1-0: Foul Ball, location: 2F
1-1: Fielders Choice at 2nd, 6-4 (Groundball, 6)
Top of the 8th over - 0 runs, 1 hit, 0 errors, 1 left on base; Lannister United 2 - San Bernardino 7
BOTTOM OF THE 8TH
San Bernardino Grasshoppers batting - Pitching for Lannister United Lionhearts : LHP Roberto Muñóz
Batting: RHB John Clark 0-0: Fly out, F9 (Line Drive, 9)
Batting: LHB Joe Ellison 0-0: Swinging Strike
0-1: Foul Ball, location: 2F
0-2: Ball
1-2: Ball
2-2: Ball
3-2: Foul Ball, location: 2F
3-2: Strikes out swinging
Batting: RHB Reinaart Manshert 0-0: Ball
1-0: Called Strike
1-1: Called Strike
1-2: Ball
2-2: Ball
3-2: Ground out 4-3 (Groundball, 4S)
Bottom of the 8th over - 0 runs, 0 hits, 0 errors, 0 left on base; Lannister United 2 - San Bernardino 7
TOP OF THE 9TH
Lannister United Lionhearts batting - Pitching for San Bernardino Grasshoppers : RHP Alberto Gómez
Batting: RHB Mareka Naidoo 0-0: Ball
1-0: Swinging Strike
1-1: Ball
2-1: Ball
3-1: Called Strike
3-2: Fly out, F7 (Flyball, 7)
Batting: RHB Chong-yee Au-Yong 0-0: Ball
1-0: Swinging Strike
1-1: Fly out, F6 (Popup, 6MD)
Batting: RHB Gonzalo Vásquez 0-0: Fly out, F7 (Flyball, 78M)
Top of the 9th over - 0 runs, 0 hits, 0 errors, 0 left on base; Lannister United 2 - San Bernardino 7
Friday, March 29th, 2019 - OOTP Baseball 18.8 Build 76